 Dungeon Crawl Stone Soup version 0.26.0-16-gc1dbca0489 (webtiles) character file.

Game seed: 6623103967749138939

1478 Gauvater the Chopper (level 9, -1/68 HPs)
             Began as a Formicid Fighter on Jan 19, 2021.
             Was a Believer of Zin.
             Killed by divine providence
             ... invoked by an orc priest
              (14 damage)
             ... on level 6 of the Dungeon.
             The game lasted 00:18:35 (5324 turns).

Gauvater the Chopper (Formicid Fighter)             Turns: 5324, Time: 00:18:35

Health: -1/68      AC:  8    Str: 26    XL:     9   Next: 6%
Magic:  8/10       EV: 10    Int:  8    God:    Zin [**....]
Gold:   262        SH: 11    Dex: 17    Spells: 8/8 levels left

rFire    . . .     SeeInvis +   a - +0 war axe
rCold    . . .     Faith    .   c - +0 kite shield
rNeg     . . .     Spirit   .   b - +0 scale mail
rPois    ∞         Reflect  .   (helmet unavailable)
rElec    .         Harm     .   (no cloak)
rCorr    .         Rampage  .   u - +0 pair of gloves
Will     .....                  (no boots)
Stlth    ..........             (no amulet)
HPRegen  0.21/turn              (no ring)
MPRegen  0.12/turn              o - +6 ring of dexterity

@: vitalised
A: permanent stasis, dig shafts and tunnels, four strong arms, antennae 3
a: Dig, Shaft Self, Renounce Religion, Recite, Vitalisation, Donate Gold


You were on level 6 of the Dungeon.
You worshipped Zin.
Zin was pleased with you.
You visited 2 branches of the dungeon, and saw 7 of its levels.

You collected 291 gold pieces.
You donated 29 gold pieces to Zin.

Inventory:

Hand Weapons
 a - a +0 war axe (weapon)
Missiles
 e - 6 javelins
 h - 211 stones (quivered)
 j - 59 bolts
 n - 14 curare-tipped darts
 t - 15 poisoned darts
Armour
 b - a +0 scale mail (worn)
 c - a +0 kite shield (worn)
 u - a +0 pair of gloves (worn)
Jewellery
 o - a +6 ring of dexterity (right hand)
Wands
 d - a wand of flame (20)
 w - a wand of iceblast (7)
Scrolls
 l - 3 scrolls of enchant weapon
 p - a scroll of immolation
 r - 2 scrolls of magic mapping
 v - a scroll of noise {unknown}
 y - a scroll of amnesia {unknown}
 z - a scroll of random uselessness {unknown}
Potions
 k - a potion of degeneration {unknown}
 m - 2 potions of flight
 q - a potion of lignification {unknown}
 s - a potion of brilliance {unknown}


   Skills:
 * Level 5.2 Fighting
 + Level 7.5 Axes
 + Level 1.2 Throwing
 + Level 5.6 Armour
 + Level 1.6 Dodging
 - Level 0.8 Stealth
 + Level 6.0 Shields
 * Level 2.0 Invocations


You had 8 spell levels left.
You didn't know any spells.
Your spell library was empty.

Dungeon Overview and Level Annotations

Branches:
Dungeon (6/15)             Temple (1/1) D:4

Altars:
Cheibriados
Dithmenos
Elyvilon
Gozag
Okawaru
Sif Muna
Trog
Vehumet
Wu Jian
Xom
Zin


Innate Abilities, Weirdness & Mutations

You cannot be hasted, slowed, berserked, paralysed or teleported.
You can dig through walls and to a lower floor.
Your four strong arms can wield two-handed weapons with a shield.
You have a pair of large antennae on your head. (SInv)


Message History

Zin grants you divine stamina. You block the orc wizard's attack.
You slice the orc wizard!!
You kill the orc wizard!
You slash the orc priest!
The orc priest is severely wounded.
You slash the orc priest! You block the orc priest's attack.
The orc priest hits you but does no damage.
You slash the orc priest!
The orc priest is almost dead.
You hit the orc priest.
You kill the orc priest!
The orc priest miscasts a cantrip.
Your Shields skill increases to level 6!
Your Invocations skill increases to level 2!
You closely miss the orc priest.
The orc priest is almost dead.
The orc priest mumbles some strange prayers to Beogh against you.
Beogh smites you!
You die...

#.#.#.............
.. {..###.#.#
..............##
#.##.........
..............#
#..#{.......o
.....
..#...#...#.# #
##.#....
............#
.#....
###########.... .#
.. ##.. { ..


You could see 2 orc priests and an orc.

Vanquished Creatures
  Edmund (D:5)
  An ice beast (D:5)
  A phantom (D:4)
  An orc warrior (D:6)
  2 ogres (D:5)
  A centaur (D:5)
  A bullfrog (D:6)
  A water moccasin skeleton (D:4)
  2 bullfrog zombies (D:5)
  A crimson imp (D:5)
  4 orc wizards
  An orc priest (D:6)
  A bullfrog skeleton (D:4)
  An iguana (D:5)
  Ijyb (D:3)
  4 worker ants (D:4)
  Natasha (thrice) (D:3)
  A killer bee zombie (D:5)
  9 adders
  4 gnolls (D:2)
  A white imp (D:5)
  2 worms
  3 dart slugs
  3 leopard geckos (D:3)
  19 orcs
  2 ball pythons
  6 giant cockroaches
  12 goblins
  11 hobgoblins
  3 jackals (D:5)
  A quokka (D:4)
  9 bats
  4 frilled lizards
  A jackal skeleton (D:4)
  11 kobolds
  5 rats
134 creatures vanquished.

Vanquished Creatures (others)
  A plant (Temple)
1 creature vanquished.

Grand Total: 135 creatures vanquished

Notes
Turn   | Place    | Note
-------+----------+-------------------------------------------
     0 | D:1      | Gauvater the Formicid Fighter began the quest for the Orb.
     0 | D:1      | Reached XP level 1. HP: 18/18 MP: 1/1
   110 | D:1      | Reached XP level 2. HP: 21/24 MP: 2/2
   614 | D:1      | Reached XP level 3. HP: 28/29 MP: 3/3
   963 | D:2      | Found a shadowy altar of Dithmenos.
  1060 | D:2      | Reached XP level 4. HP: 35/37 MP: 4/4
  1422 | D:2      | Reached skill level 3 in Axes
  1422 | D:2      | Reached XP level 5. HP: 42/42 MP: 5/5
  2293 | D:3      | Noticed Natasha
  2295 | D:3      | Killed Natasha
  2296 | D:3      | Reached skill level 4 in Axes
  2296 | D:3      | Reached XP level 6. HP: 48/48 MP: 6/6
  2410 | D:3      | Noticed Ijyb
  2428 | D:3      | Killed Ijyb
  2778 | D:3      | Noticed Natasha
  2786 | D:3      | Killed Natasha
  3097 | D:3      | Noticed Natasha
  3101 | D:3      | Killed Natasha
  3124 | D:3      | Found a bloodstained altar of Trog.
  3266 | D:4      | Noticed a phantom
  3299 | D:4      | Killed a phantom
  3300 | D:4      | Reached skill level 5 in Axes
  3300 | D:4      | Reached skill level 1 in Dodging
  3300 | D:4      | Reached XP level 7. HP: 37/54 MP: 7/7
  3464 | D:4      | Found a staircase to the Ecumenical Temple.
  3552 | D:4      | Found a snail-covered altar of Cheibriados.
  3761 | D:4      | Reached skill level 5 in Armour
  4471 | D:5      | Entered Level 5 of the Dungeon
  4491 | Temple   | Entered the Ecumenical Temple
  4528 | Temple   | Became a worshipper of Zin the Law-Giver
  4528 | Temple   | Reached * piety under Zin
  4581 | D:5      | Reached skill level 6 in Axes
  4581 | D:5      | Reached skill level 5 in Shields
  4581 | D:5      | Reached XP level 8. HP: 61/61 MP: 8/8
  4888 | D:5      | Reached ** piety under Zin
  4934 | D:5      | Noticed Edmund
  4953 | D:5      | Killed Edmund
  4954 | D:5      | Reached skill level 7 in Axes
  4954 | D:5      | Reached skill level 1 in Throwing
  4954 | D:5      | Reached skill level 1 in Invocations
  4987 | D:5      | Reached skill level 5 in Fighting
  5302 | D:6      | Reached XP level 9. HP: 33/68 MP: 9/9
  5318 | D:6      | HP: 3/68 [orc priest/divine providence (13)]
  5324 | D:6      | Killed from afar by an orc priest

Illustrated notes

Levels and vault maps discovered:
D:1:      dpeg_arrival_refuge, layout_basic, minmay_octomino_e4
D:2:      cheibrodos_greedy_goblins, layout_basic, hangedman_decor_points,
          grunt_dithmenos_smoke
D:3:      layout_basic, lemuel_doored_altar, minmay_fractal_squares_5,
          uniq_natasha, uniq_ijyb
D:4:      minmay_evil_eye, layout_loops_corners, kennysheep_slug_shrine,
          minmay_temple_entry_water_ring
D:5:      layout_rooms, minmay_fire_ice_demons, uniq_edmund
D:6:      kennysheep_housing_project, layout_basic,
          lemuel_coloured_pillars_altar, gammafunk_temple_overflow_statue
Temple:   cyrus_temple_forest

Skill      XL: |  1  2  3  4  5  6  7  8  9 |
---------------+----------------------------+-----
Shields        | 4 5 6 |  6.0
Armour         | 4 5 |  5.6
Axes           | 3 4 5 6 7 |  7.5
Fighting       | 4 5 |  5.2
Dodging        | 1 |  1.6
Throwing       | 1 |  1.2
Invocations    | 1 2 |  2.0
Stealth        | |  0.8

Action                   |  1- 3 |  4- 6 |  7- 9 || total
-------------------------+-------+-------+-------++-------
Melee: War axe           |    75 |   206 |   180 ||   461
Throw: Stone             |       |    12 |     1 ||    13
       Dart              |       |       |    11 ||    11
Invok: Recite            |       |       |     2 ||     2
       Vitalisation      |       |       |     2 ||     2
 Abil: Dig               |     3 |     3 |     1 ||     7
  Use: Scroll            |     4 |     1 |     5 ||    10
       Potion            |       |     1 |     3 ||     4
Armor: Scale mail        |    34 |    64 |    46 ||   144
Dodge: Dodged            |    47 |    58 |    56 ||   161
Block: Kite shield       |    50 |   125 |   112 ||   287
